 Dungeon Crawl Stone Soup version 0.31-a0-819-gf6de2f5ab6 (webtiles) character file.

Game seed: 15318398855251499791

212 qw the Shooter (level 5, -12/33 HPs)
             Began as a Gargoyle Hunter on Sept 23, 2023.
             Mangled by Menkaure (20 damage)
             ... on level 4 of the Dungeon.
             The game lasted 00:00:59 (2286 turns).

qw the Shooter (Gargoyle Hunter)                    Turns: 2286, Time: 00:01:00

Health: -12/33     AC:  9    Str: 15    XL:     5   Next: 89%
Magic:  5/5        EV: 11    Int:  9    God:
Gold:   94         SH:  0    Dex: 15    Spells: 4/4 levels left

rFire   . . .        Y - +0 shortbow
rCold   . . .        (shield currently unavailable)
rNeg    + + .        f - +0 ring mail
rPois   inf          (no helmet)
rElec   +            (no cloak)
rCorr   .            (no gloves)
SInv    .            (no boots)
Will    .....        (no amulet)
Stlth   +            g - ring of positive energy
HPRegen 0.25/turn    (no ring)
MPRegen 0.09/turn

%: no passive effects
@: about to teleport
A: sickness immunity, AC +4, negative energy resistance 1, electricity
resistance, torment resistance 1, petrification resistance
a: no special abilities


You were on level 4 of the Dungeon.
You visited 1 branch of the dungeon, and saw 4 of its levels.

You collected 164 gold pieces.
You spent 70 gold pieces at shops.


Innate Abilities, Weirdness & Mutations

You are immune to sickness and miasma.
Your stone body is resilient. (AC +4)
You are immune to poison.
You resist negative energy. (rN+)
You are resistant to electric shocks. (rElec)
You are resistant to unholy torment.
You are immune to petrification.


   Skills:
 + Level 3.7 Fighting
 - Level 6.0 Ranged Weapons
 - Level 1.4 Armour
 - Level 1.5 Dodging
 - Level 1.1 Stealth


You had 4 spell levels left.
You didn't know any spells.
Your spell library was empty.

Inventory:

Hand Weapons
 Y - a +0 shortbow (weapon)
Armour
 f - a +0 ring mail (worn)
 n - a +0 pair of gloves
Jewellery
 g - a ring of positive energy (left hand)
Wands
 m - a wand of digging (3)
Scrolls
 i - a scroll of identify
 k - a scroll of enchant armour {unknown}
Potions
 a - a potion of invisibility {unknown}
 b - a potion of ambrosia {unknown}
 c - a potion of lignification {unknown}
 d - a potion of cancellation
 e - a potion of attraction {unknown}
 h - 2 potions of heal wounds
 j - a potion of curing {unknown}

Dungeon Overview and Level Annotations

Branches:
Dungeon (4/15)
 Temple: D:4-7

Altars:

Shops:
D:3 !

Annotations:
D:4 Menkaure


Message History

You can access your shopping list by pressing '$'.
You now have 87 gold pieces (gained 18).
Found a dagger.
You now have 94 gold pieces (gained 7).
n - a +0 pair of gloves Menkaure, Prince of Dust comes into view.
Menkaure shouts!
Menkaure giggles, "These cerements are ticklish..."
Menkaure moves out of view.
You shoot an arrow. The arrow hits Menkaure.
Menkaure is lightly damaged.
Menkaure hits you!
You shoot an arrow. The arrow barely misses Menkaure.
Menkaure barely misses you.
You shoot an arrow.
The arrow hits Menkaure but does no damage.
Menkaure is lightly damaged.
Menkaure calls on the powers of darkness!
Your body is wracked with pain!
You shoot an arrow. The arrow hits Menkaure.
Menkaure is moderately damaged.
Menkaure closely misses you.
You shoot an arrow. The arrow closely misses Menkaure.
You shoot an arrow.
The arrow hits Menkaure but does no damage.
Menkaure is moderately damaged.
Menkaure closely misses you.
You shoot an arrow. The arrow hits Menkaure!
Menkaure is heavily damaged.
Menkaure calls on the powers of darkness!
Your body is wracked with pain!
You shoot an arrow. The arrow hits Menkaure.
Menkaure is severely damaged.
Menkaure hits you!
2286 ||| READING scroll of teleportation.
As you read the scroll of teleportation, it crumbles to dust.
You feel strangely unstable. Menkaure hits you!!
Ouch! That really hurt!
You die...

###.... #.... ###
#####.### #.. ..##.# #.#
#.##.#
#.#########.##.###
#.#####................#
#......M#####..........#
#......@...............#
###.###.#########.###..#
#.# #.# .)# #.# #.# ..#
#.# #.# ..# #.# ... ..#
#.. ..# ###


You could see Menkaure.

Vanquished Creatures
  A hound (D:4)
  An iguana (D:4)
  8 adders
  4 dart slugs
  3 orcs
  11 endoplasms
  5 giant cockroaches
  4 goblins
  5 hobgoblins
  2 jackals (D:4)
  5 quokkas
  6 ball pythons
  7 bats
  4 frilled lizards
  3 kobolds
  6 rats
75 creatures vanquished.

Notes
Turn   | Place    | Note
-------+----------+-------------------------------------------
     0 | D:1      | qw the Gargoyle Hunter began the quest for the Orb.
     0 | D:1      | Reached XP level 1. HP: 12/12 MP: 1/1
     0 | D:1      | 0 ||| qw: Version: 0.3-a-83-gcd0e7d8
     0 | D:1      | 0 ||| qw: Game counter: 1363
     0 | D:1      | 0 ||| qw: Melee chars always use a shield: true
     0 | D:1      | 0 ||| qw: God list: Okawaru
     0 | D:1      | 0 ||| qw: Allow faded altars: false
     0 | D:1      | 0 ||| qw: Do Orc after clearing Dungeon:15 true
     0 | D:1      | 0 ||| qw: Do second Lair branch before Depths: true
     0 | D:1      | 0 ||| qw: Lair rune preference: random
     0 | D:1      | 0 ||| qw: Goals: Normal
     0 | D:1      | 0 ||| PLANNING D:1-11
   145 | D:1      | Reached XP level 2. HP: 17/17 MP: 2/2
   706 | D:1      | Reached XP level 3. HP: 21/21 MP: 3/3
   710 | D:1      | 710 ||| UPGRADING to +0 ring mail.
   720 | D:1      | 720 ||| DROPPING +0 leather armour.
   721 | D:1      | 721 ||| READING 4 scrolls labelled NAJYGUNTO ORET.
   722 | D:1      | 722 ||| READING scroll labelled JUDAEM JAUL.
   738 | D:1      | 738 ||| READING scroll labelled YME ONAWITIO.
   739 | D:1      | 739 ||| READING scroll labelled ECUGGIW CIABLU.
   740 | D:1      | 740 ||| READING scroll labelled EXAYTI ESONES.
   741 | D:1      | 741 ||| DRINKING 2 clear potions.
   742 | D:1      | 742 ||| DROPPING 3 scrolls of fog.
   743 | D:1      | 743 ||| DROPPING scroll of butterflies.
   760 | D:2      | 760 ||| STAIRDANCE
   765 | D:2      | 765 ||| STAIRDANCE
   774 | D:2      | 774 ||| STAIRDANCE
   837 | D:2      | Reached skill level 1 in Armour
   844 | D:2      | Reached skill level 5 in Ranged Weapons
   892 | D:2      | Reached XP level 4. HP: 27/27 MP: 4/4
  1032 | D:2      | Reached skill level 3 in Fighting
  1341 | D:2      | 1341 ||| UPGRADING to ring of positive energy.
  1342 | D:2      | 1342 ||| READING scroll labelled YPONEA SUTE.
  1752 | D:3      | Reached XP level 5. HP: 29/32 MP: 5/5
  2006 | D:3      | Found Neraj's Distillery.
  2011 | D:3      | 2011 ||| SHOPLISTING 2 potions of heal wounds (140 gold,
                  | have 107).
  2011 | D:3      | 2011 ||| SHOPLISTING potion of cancellation (112 gold, have
                  | 107).
  2011 | D:3      | 2011 ||| SHOPLISTING potion of haste (140 gold, have 107).
  2011 | D:3      | 2011 ||| BUYING potion of heal wounds (70 gold).
  2011 | D:3      | Bought a potion of heal wounds for 70 gold pieces
  2011 | D:3      | 2011 ||| SHOPLISTING potion of heal wounds (70 gold, have
                  | 37).
  2011 | D:3      | 2011 ||| SHOPLISTING potion of might (56 gold, have 37).
  2055 | D:3      | 2055 ||| READING scroll labelled NIAPLA LOQEIKK.
  2088 | D:4      | Reached skill level 6 in Ranged Weapons
  2115 | D:4      | 2115 ||| FLEEEEING.
  2116 | D:4      | 2116 ||| STAIRDANCE
  2276 | D:4      | Noticed Menkaure
  2285 | D:4      | HP: 8/33 [Menkaure (7)]
  2286 | D:4      | 2286 ||| READING scroll of teleportation.
  2286 | D:4      | Mangled by Menkaure

Levels and vault maps discovered:
D:1:      lightli_arrival_quake, layout_loops_ring, minmay_box_of_dots
D:2:      layout_basic
D:3:      layout_loops_corners, serial_shops, shop
D:4:      minmay_octagon_keep, layout_loops_ring, minmay_circle_x,
          uniq_menkaure, uniq_robin

Skill      XL: |  1  2  3  4  5 |
---------------+----------------+-----
Armour         | 1 |  1.4
Ranged Weapons | 5 6 |  6.0
Fighting       | 3 |  3.7
Dodging        | |  1.5
Stealth        | |  1.1

Action                     |  1- 3 |  4- 6 || total
---------------------------+-------+-------++-------
   Fire: Shortbow          |    98 |   144 ||   242
    Use: Scroll            |     5 |     3 ||     8
         Potion            |     1 |       ||     1
 Armour: Leather armour    |     9 |       ||     9
         Ring mail         |     5 |    59 ||    64
  Dodge: Dodged            |    31 |    45 ||    76

Table legend:
 A = Non-vault XP
 B = Vault XP
 C = Vault XP percentage of total XP
 D = Non-vault monster count
 E = Vault monster count
 F = Vault count percentage of total count
                 A         B        C        D         E       F
            +---------+---------+-------+---------+---------+-------
      Total |     209 |      94 |  31.0 |      66 |       9 |  12.0
            +---------+---------+-------+---------+---------+-------
        D:1 |      37 |       5 |  11.9 |      22 |       3 |  12.0
        D:2 |      83 |       0 |   0.0 |      21 |       0 |   0.0
        D:3 |      72 |       0 |   0.0 |      20 |       0 |   0.0
        D:4 |      17 |      89 |  84.0 |       3 |       6 |  66.7
            +---------+---------+-------+---------+---------+-------
